 Dungeon Crawl Stone Soup version 0.28.0-47-ge53b351184 (webtiles) character file.

Game seed: 6457834688641146533

124 Gabide the Purveyor of Pain (level 4, -2/33 HPs)
             Began as a Mummy Necromancer on Apr 27, 2022.
             Was an Initiate of Kikubaaqudgha.
             Slain by Eustachio
             ... wielding a +0 rapier
              (5 damage)
             ... on level 4 of the Dungeon.
             The game lasted 00:09:04 (5215 turns).

Gabide the Purveyor of Pain (Mummy Necromancer)     Turns: 5215, Time: 00:09:05

Health: -2/33      AC:  4    Str: 17    XL:     4   Next: 81%
Magic:  1/9        EV: 12    Int: 16    God:    Kikubaaqudgha [......]
Gold:   169        SH:  0    Dex: 12    Spells: 0/10 levels left

rFire   x . .      SeeInvis .   l - +0 dagger
rCold   + . .      Faith    .   (no shield)
rNeg    + + +      Spirit   .   a - +0 robe
rPois   ∞          Reflect  .   (no helmet)
rElec   .          Harm     .   f - +1 cloak
rCorr   .          Rampage  .   (no gloves)
Will    +....                   (no boots)
Stlth   ++........              j - amulet of magic regeneration
HPRegen 0.11/turn               d - ring of willpower
MPRegen 0.51/turn               k - +6 ring of strength

@: no status effects
A: cold resistance 1, negative energy resistance 3, torment resistance 2, heat
vulnerability 1, no potions
a: Renounce Religion


You were on level 4 of the Dungeon.
You worshipped Kikubaaqudgha.
Kikubaaqudgha was noncommittal.
You visited 2 branches of the dungeon, and saw 5 of its levels.

You collected 169 gold pieces.

Inventory:

Hand Weapons
 l - a +0 dagger (weapon)
Armour
 a - a +0 robe (worn)
 f - a +1 cloak (worn)
Jewellery
 d - a ring of willpower (left hand)
 h - a +6 ring of dexterity
 j - an amulet of magic regeneration (around neck)
 k - a +6 ring of strength (right hand)
Scrolls
 b - 2 scrolls of identify
 e - 2 scrolls of vulnerability
 g - a scroll of immolation
 i - a scroll of amnesia


   Skills:
 * Level 1.7 Fighting
 * Level 2.5 Dodging
 + Level 2.0 Stealth
 * Level 3.7 Spellcasting
 * Level 4.5 Necromancy


You couldn't memorise any spells.
You knew the following spells:

 Your Spells              Type           Power      Damage    Failure   Level
a - Pain                  Necr           68%        1d7       2%          1
b - Vampiric Draining     Necr           17%        2d7       9%          3
c - Corpse Rot            Necr/Air       20%        N/A       11%         2
d - Animate Dead          Necr           8%         N/A       26%         4

Your spell library contained the following spells:

 Spells                   Type           Power      Damage    Failure   Level
 Animate Skeleton         Necr           34%        N/A       2%          1
 Slow                     Hex            12%        N/A       17%         1
 Summon Small Mammal      Summ           12%        N/A       17%         1
 Poisonous Vapours        Pois/Air       6%         N/A       26%         2
 Call Canine Familiar     Summ           3%         N/A       45%         3
 Confusing Touch          Hex            3%         N/A       45%         3
 Dazzling Flash           Conj/Hex       6%         N/A       45%         3
 Gell's Gravitas          Tloc           3%         N/A       45%         3
 Lesser Beckoning         Tloc           3%         N/A       45%         3
 Summon Guardian Golem    Hex/Summ       3%         N/A       45%         3
 Teleport Other           Tloc           3%         N/A       45%         3
 Agony                    Necr           17%        N/A       58%         5
 Silence                  Hex/Air        1%         N/A       99%         5


Dungeon Overview and Level Annotations

Branches:
Dungeon (4/15)             Temple (1/1) D:4

Altars:
Ashenzari
Cheibriados
Dithmenos
Elyvilon
Fedhas
Gozag
Hepliaklqana
Kikubaaqudgha
Makhleb
Nemelex Xobeh
Okawaru
Qazlal
Ru
Sif Muna
Trog
Uskayaw
Vehumet
Wu Jian
Xom
Yredelemnul
Zin
The Shining One

Annotations:
D:4 Eustachio


Innate Abilities, Weirdness & Mutations

You are immune to poison.
Your flesh is cold resistant. (rC+)
You are immune to negative energy. (rN+++)
You are immune to unholy pain and torment.
You are vulnerable to heat. (rF-)
You do not drink.


Message History

Unknown command.
You hit the bat but do no damage. The bat misses you.
The bat barely misses you.
The quasit bites you but does no damage.
The quasit closely misses you.
The quasit claws you but does no damage.
You miss the bat. The bat hits you. The bat hits you but does no damage.
The quasit bites you.
* * * LOW HITPOINT WARNING * * *
The quasit barely misses you. x3; The quasit claws you.
* * * LOW HITPOINT WARNING * * *
The quasit claws you but does no damage.
Blink to where?
Press: ? - help, Dir - move target, p - Eustachio
As you read the scroll of blinking, it crumbles to dust.
The bat misses you.
Eustachio casts a spell.
Eustachio blinks!
Aiming: Pain (safe; 2% risk of failure)
Press: ? - help, Q - select action, (/) - cycle Shift-Dir - straight line, f - river rat
Aim: a river rat (summoned, chance to affect: 81%)
The river rat barely resists.
The bat hits you.
* * * LOW HITPOINT WARNING * * *
Eustachio completely misses you. The river rat barely misses you.
Aiming: Pain (safe; 2% risk of failure)
Press: ? - help, Q - select action, (/) - cycle Shift-Dir - straight line, f - Eustachio, p - river rat
Aim: Eustachio, wielding a +0 rapier and wearing a +0 leather armour (almost dead, chance to affect: 75%) Eustachio struggles to resist.
The bat hits you.
* * * LOW HITPOINT WARNING * * *
The quokka barely misses you.
Eustachio mumbles some strange words.
Eustachio blinks!
The river rat bites you but does no damage.
The bat closely misses you. The bat hits you.
* * * LOW HITPOINT WARNING * * *
Eustachio hits you with a +0 rapier.
You die...
Kikubaaqudgha rasps: "You have failed me!
Welcome... oblivion!"

#...#####.##########...#
#...# #.# ##.## ##.##
#.# #.# #.# #.# #.# #.#
#.# #.# ### #.# #.#
♣♣♣### #.# ♣.♣).@b## #.#
♣..@rbr# #.#
♣♣...5§.###5#
♣♣.....55..# ♣♣#########


You could see Eustachio, an iron imp (summoned), a quasit (summoned), a river
rat (summoned), an ufetubus (summoned), a quokka (summoned) and 2 bats.

Vanquished Creatures
  An adder (D:3)
  A worm zombie (D:4)
  An adder zombie (D:3)
  2 worms
  4 dart slugs
  10 orcs
  7 ball pythons
  6 endoplasms
  4 giant cockroaches
  5 goblins (D:2)
  4 hobgoblins
  4 jackals (D:1)
  10 kobolds
  4 quokkas
  A ball python zombie (D:3)
  3 bats
  3 frilled lizards
  A giant cockroach zombie (D:3)
  A quokka zombie (D:3)
  8 rats
80 creatures vanquished.

Notes
Turn   | Place    | Note
-------+----------+-------------------------------------------
     0 | D:1      | Gabide the Mummy Necromancer began the quest for the Orb.
     0 | D:1      | Reached XP level 1. HP: 13/13 MP: 4/4
    53 | D:1      | Found a faded altar of an unknown god.
   263 | D:1      | Reached XP level 2. HP: 20/20 MP: 0/5
   940 | D:1      | Reached XP level 3. HP: 25/25 MP: 5/7
   988 | D:1      | Learned a level 3 spell: Vampiric Draining
   991 | D:1      | Learned a level 2 spell: Corpse Rot
  1341 | D:2      | Reached skill level 1 in Fighting
  2611 | D:2      | Reached XP level 4. HP: 18/32 MP: 1/9
  3432 | D:3      | Found a basalt altar of Yredelemnul.
  3857 | D:4      | Noticed a phantom
  3873 | D:4      | Found a staircase to the Ecumenical Temple.
  3878 | Temple   | Entered the Ecumenical Temple
  4294 | Temple   | Became a worshipper of Kikubaaqudgha
  4622 | D:4      | Learned a level 4 spell: Animate Dead
  5165 | D:4      | Noticed Eustachio
  5215 | D:4      | Slain by Eustachio

Illustrated notes

Levels and vault maps discovered:
D:1:      evilmike_arrival_plus, layout_basic, dreamdust_ecumenical_altar_grove,
          minmay_pentomino_s2
D:2:      layout_basic, serial_glass, glass_columns_a, glass_columns_c
D:3:      layout_basic, nicolae_yredelemnul_corpse_copse,
          kennysheep_generic_room_9
D:4:      layout_loops_ring, lemuel_temple_firewalk_b, enter_ossuary_3,
          patterned_corridor, uniq_crazy_yiuf_cottage, uniq_eustachio
Temple:   mainiacjoe_temple_hex_bubbles

Skill      XL: |  1  2  3 |
---------------+----------+-----
Spellcasting   | 3 |  3.7
Dodging        | 2 |  2.5
Fighting       | 1 |  1.7
Stealth        | 2 |  2.0
Necromancy     | |  4.5

Action                   |  1- 3 |  4- 6 || total
-------------------------+-------+-------++-------
Melee: Unarmed           |    18 |    79 ||    97
       Dagger            |       |    42 ||    42
 Cast: Pain              |   102 |    57 ||   159
       Vampiric Draining |       |     4 ||     4
       Corpse Rot        |       |     2 ||     2
  Use: Scroll            |     2 |     5 ||     7
Armor: Robe              |     8 |    52 ||    60
Dodge: Dodged            |    32 |   116 ||   148
